 Dungeon Crawl Stone Soup version 0.22.1-2-g9c5b331383 (webtiles) character file.

121 gollor the Grasshopper (level 5, -8/46 HPs)
             Began as a Naga Warper on Dec 28, 2018.
             Killed from afar by Ijyb (19 damage)
             ... with a wand of acid (5)
             ... on level 3 of the Dungeon.
             The game lasted 00:22:00 (3474 turns).

gollor the Grasshopper (Naga Warper)                Turns: 3474, Time: 00:22:00

Health: -8/46      AC:  5    Str: 14    XL:     5   Next: 5%
Magic:  9/9        EV:  9    Int: 14    God:
Gold:   109        SH:  0    Dex: 10    Spells: 9/9 levels left

rFire    . . .     SeeInvis +   a - +0 falchion
rCold    . . .     Gourm    .   (no shield)
rNeg     . . .     Faith    .   b - +0 leather armour
rPois    +         Spirit   .   (no helmet)
rElec    .         Reflect  .   (no cloak)
rCorr    .         Harm     .   j - +1 pair of gloves
MR       .....                  (no barding)
Stlth    +.........             (no amulet)
HPRegen  0.15/turn              (no ring)
MPRegen  0.11/turn              (no ring)

@: short of breath, very slow
A: large, see invisible, deformed body, poison resistance, slowness 2, slow
metabolism 1, spit poison 1, AC +1
a: Spit Poison


You were on level 3 of the Dungeon.
You were not hungry.

You visited 1 branch of the dungeon, and saw 3 of its levels.

You collected 109 gold pieces.

Inventory:

Hand Weapons
 a - a +0 falchion (weapon)
Missiles
 e - 3 tomahawks of dispersal (quivered)
Armour
 b - a +0 leather armour (worn)
 j - a +1 pair of gloves (worn)
Scrolls
 g - a scroll of teleportation
 i - a scroll of enchant armour
Potions
 c - a potion of haste
 h - a potion of curing
 k - a potion of lignification {unknown}
Comestibles
 f - 3 rations


   Skills:
 + Level 2.6 Fighting
 + Level 3.0 Long Blades
 - Level 1.0 Throwing
 + Level 1.4 Armour
 + Level 2.2 Dodging
 - Level 0.3 Stealth
 * Level 2.9 Spellcasting
   Level 3.0 Translocations


You had 9 spell levels left.
You didn't know any spells.
Your spell library contained the following spells:

 Spells                   Type           Power        Failure   Level  Hunger
 Blink                    Tloc           N/A          12%         2    ##.....
 Shroud of Golubria       Chrm/Tloc      #.........   22%         2    ##.....
 Gell's Gravitas          Tloc           ##........   24%         3    ###....
 Lesser Beckoning         Tloc           ##........   24%         3    ###....
 Teleport Other           Tloc           ##......     24%         3    ###....
 Passage of Golubria      Tloc           N/A          61%         4    #####..


Dungeon Overview and Level Annotations

Branches:
Dungeon (3/15)

Altars:
Dithmenos
Gozag

Annotations:
D:3 Ijyb


Innate Abilities, Weirdness & Mutations

You cannot wear boots.
Your serpentine skin is tough. (AC +1)
You have supernaturally acute eyesight. (SInv)
Armour fits poorly on your strangely shaped body.
Your system is resistant to poisons. (rPois)
You cover ground very slowly.
You have a slow metabolism.
You can spit poison.


Message History

The orc hits you. Ijyb hits you but does no damage.
You hit Ijyb but do no damage.
Ijyb is severely wounded.
The orc hits you.
Ijyb zaps a wand.
The bolt of acid misses you.
It is a wand of acid (6).
The orc hits you.
Press: ? - help, Shift-Dir - straight line, f/p - Ijyb
Aim: Ijyb, wielding a club, wearing a runed chain mail and carrying a wand of The splash of poison misses Ijyb.
You feel slightly more hungry.
Ijyb zaps a wand.
The bolt of acid hits you!
You are splashed with acid!
The acid burns!
* * * LOW HITPOINT WARNING * * *
The orc barely misses you.
You riposte.
You hit the orc but do no damage. You closely miss Ijyb.
Ijyb is almost dead.
Ijyb hits you but does no damage. The orc hits you.
* * * LOW HITPOINT WARNING * * *
You completely miss Ijyb.
Ijyb is almost dead.
Ijyb zaps a wand.
The bolt of acid hits you!
You die...

.P.....#........ #..
...###........##'# +...
...##............. #....
...##......##..... #....
..........###.....
.....#+#................
........................
...(.........#...##.....
#..@.####....##.....
#..go#.......##.....
#............##.#.#<
#....#...#......#...
#....#...#......#...
#....#...#......#...
.....#..##...##.....#..#
###..#.................#
.............. ........


You could see Ijyb and an orc.

Vanquished Creatures
  An orc wizard (D:2)
  2 adders (D:2)
  A worm (D:2)
  A dart slug (D:1)
  3 leopard geckos
  4 orcs (D:2)
  2 ball pythons
  3 giant cockroaches
  9 hobgoblins
  5 kobolds
  A quokka (D:2)
  8 bats
  2 frilled lizards
  11 goblins
  5 rats
58 creatures vanquished.

Notes
Turn   | Place    | Note
-------+----------+-------------------------------------------
     0 | D:1      | gollor the Naga Warper began the quest for the Orb.
     0 | D:1      | Reached XP level 1. HP: 19/19 MP: 3/3
    26 | D:1      | Reached skill level 1 in Throwing
   249 | D:1      | Reached XP level 2. HP: 20/26 MP: 5/5
  1041 | D:1      | Reached XP level 3. HP: 32/32 MP: 6/6
  1183 | D:1      | Reached skill level 1 in Armour
  2627 | D:2      | Reached XP level 4. HP: 14/40 MP: 7/7
  3077 | D:2      | Found an opulent altar of Gozag.
  3205 | D:2      | Reached XP level 5. HP: 45/46 MP: 9/9
  3359 | D:3      | Found a shadowy altar of Dithmenos.
  3458 | D:3      | Found a faded altar of an unknown god.
  3458 | D:3      | Noticed Ijyb
  3474 | D:3      | Killed from afar by Ijyb

Skill      XL: |  1  2  3  4 |
---------------+-------------+-----
Throwing       | 1 |  1.0
Armour         | 1 |  1.4
Dodging        | 2 |  2.2
Long Blades    | 3 |  3.0
Fighting       | |  2.6
Stealth        | |  0.3
Spellcasting   | |  2.9
Translocations | |  3.0

Action                   |  1- 3 |  4- 6 || total
-------------------------+-------+-------++-------
Melee: Falchion          |   144 |    41 ||   185
Throw: Tomahawk          |     2 |       ||     2
 Abil: Spit Poison       |       |    12 ||    12
  Use: Scroll            |     5 |     1 ||     6
  Eat: Chunk             |     4 |     3 ||     7
Armor: Leather armour    |    27 |    26 ||    53
Dodge: Dodged            |    68 |    28 ||    96
       Rpst.: Falchion   |    28 |    10 ||    38
